 Dungeon Crawl Stone Soup version 0.28.0-47-ge53b351184 (webtiles) character file.

Game seed: 3971575750307204727

2633 DearestLeader the Blocker (level 9, -7/121 HPs)
             Began as a Gnoll Fighter on May 6, 2022.
             Mangled by an orc
             ... wielding a +0 halberd
              (9 damage)
             ... in a bailey.
             The game lasted 00:13:40 (7710 turns).

DearestLeader the Blocker (Gnoll Fighter)           Turns: 7710, Time: 00:13:40

Health: -7/121     AC: 11    Str: 21    XL:     9   Next: 61%
Magic:  5/15       EV: 11    Int:  7    God:
Gold:   180        SH:  6    Dex: 12    Spells: 10/16 levels left

rFire   . . .      SeeInvis .   C - +7 long sword "Goblin's Nightmare" {vorpal, rElec rC+ Str+3}
rCold   + + .      Faith    .   c - +0 buckler
rNeg    + . .      Spirit   .   b - +1 scale mail
rPois   .          Reflect  .   o - +0 helmet
rElec   +          Harm     .   (no cloak)
rCorr   .          Rampage  .   D - +0 pair of gloves
Will    .....      Clarity  +   (no boots)
Stlth   ..........              (no amulet)
HPRegen 0.30/turn               E - ring of positive energy
MPRegen 0.14/turn               F - ring of protection from cold

@: berserking, attractive, flying, studying Axes, very quick
A: fangs 1, strong nose, distributed training, clarity, robust 1, weak 1, wild
magic 1
a: no special abilities


You were in a bailey.
You visited 2 branches of the dungeon, and saw 9 of its levels.
You also visited: Bailey.

You collected 401 gold pieces.
You spent 221 gold pieces at shops.

Inventory:

Hand Weapons
 a - a +0 war axe
 w - a +0 vampiric whip
 z - a +3 flail of freezing
 C - the +7 long sword "Goblin's Nightmare" (weapon) {vorpal, rElec rC+ Str+3}
   (You bought it in a shop on level 6 of the Dungeon)

   It inflicts extra damage upon your enemies.
   Str:       It affects your strength (+3).
   rC:        It protects you from cold.
   rElec:     It insulates you from electricity.
Missiles
 p - 30 sling bullets
 y - a throwing net (quivered)
Armour
 b - a +1 scale mail (worn)
 c - a +0 buckler (worn)
 o - a +0 helmet (worn)
 D - a +0 pair of gloves (worn)
Jewellery
 g - an amulet of faith
 B - a ring of ice
 E - a ring of positive energy (left hand)
 F - a ring of protection from cold (right hand)
 G - a ring of fire
 I - a ring of magical power
Wands
 t - a wand of paralysis (14)
Scrolls
 e - a scroll of enchant armour
 f - 7 scrolls of identify
 h - 4 scrolls of amnesia
 l - a scroll of immolation
 n - 2 scrolls of teleportation
 q - 2 scrolls of vulnerability
 s - 3 scrolls of fog
 x - a scroll of enchant weapon
 J - a scroll of torment {unknown}
Potions
 i - 2 potions of brilliance
 k - 3 potions of curing
 u - 2 potions of attraction
 A - a potion of cancellation
Miscellaneous
 H - a piece from Xom's chessboard (15/15)


   Skills:
 + Level 8.0 Fighting
 + Level 4.4 Short Blades
 + Level 4.4 Long Blades
 + Level 6.5 Axes
 + Level 4.4 Maces & Flails
 + Level 4.4 Polearms
 + Level 4.4 Staves
 + Level 4.4 Slings
 + Level 4.4 Bows
 + Level 4.4 Crossbows
 + Level 4.4 Throwing
 + Level 8.0 Armour
 + Level 4.4 Dodging
 + Level 4.4 Stealth
 + Level 8.0 Shields
 + Level 4.4 Unarmed Combat
 + Level 4.4 Spellcasting
 + Level 3.6 Conjurations
 + Level 3.6 Hexes
 + Level 3.6 Summonings
 + Level 3.6 Necromancy
 + Level 3.6 Translocations
 + Level 3.6 Transmutations
 + Level 3.6 Fire Magic
 + Level 3.6 Ice Magic
 + Level 3.6 Air Magic
 + Level 3.6 Earth Magic
 + Level 3.6 Poison Magic
 + Level 4.9 Invocations
 + Level 4.4 Evocations


You had 10 spell levels left.
You knew the following spells:

 Your Spells              Type           Power      Damage    Failure   Level
a - Gell's Gravitas       Tloc           8%         N/A       61%         3
b - Teleport Other        Tloc           8%         N/A       61%         3

Your spell library contained the following spells:

 Spells                   Type           Power      Damage    Failure   Level
 Lesser Beckoning         Tloc           8%         N/A       61%         3
 Animate Dead             Necr           4%         N/A       93%         4
 Haunt                    Necr/Summ      4%         N/A       100%        7
 Infestation              Necr           4%         N/A       100%        8
 Chain Lightning          Conj/Air       4%         3d5       100%        9
 Fire Storm               Conj/Fire      4%         8d1       100%        9
 Shatter                  Erth           4%         3d7*      100%        9


Dungeon Overview and Level Annotations

Branches:
Dungeon (8/15)             Temple (1/1) D:5          Bailey (1/1)
   Lair: D:8-11

Altars:
Ashenzari
Cheibriados
Dithmenos
Elyvilon
Fedhas
Gozag
Hepliaklqana
Kikubaaqudgha
Makhleb
Nemelex Xobeh
Qazlal
Ru
Sif Muna
Uskayaw
Vehumet
Wu Jian
Yredelemnul
Zin
The Shining One

Shops:
D:3 *   D:6 (

Annotations:
D:7 1 runed translucent door, kalagan's ghost, novice DjCj


Innate Abilities, Weirdness & Mutations

You have very sharp teeth.
Your uncanny sense of smell can sniff out nearby items.
Your experience applies equally to all skills.
You possess an exceptional clarity of mind.
You are robust. (+10% HP)
You are weak. (Str -2)
Your spells are a little harder to cast, but a little more powerful.


Message History

The orc is attracted toward you. x3
It was a potion of mutation.
You feel extremely strange.
Your thoughts seem clearer.
You feel robust.
You feel weaker.
You feel less in control of your magic. You block the orc's attack.
The orc is attracted toward you. The centaur is attracted toward you.
The orc is attracted toward you. x2
Okay, then.
You slash the centaur!
The centaur is severely wounded.
The centaur looks more healthy.
The centaur hits you but does no damage.
The centaur kicks you but does no damage.
You block the orc's attack. The orc barely misses you.
The orc hits you but does no damage. The centaur hits you with a +0 trident.
* * * LOW HITPOINT WARNING * * *
You block the centaur's attack. The orc closely misses you.
Unknown command.
It was a potion of flight.
You feel very buoyant.
You fly up into the air.
The centaur hits you but does no damage.
The centaur kicks you but does no damage.
The orc closely misses you. You block the orc's attack.
The orc hits you but does no damage.
It was a potion of berserk rage.
A red film seems to cover your vision as you go berserk!
You feel yourself moving faster!
You feel mighty!
The centaur closely misses you. x2; The orc barely misses you.
The orc hits you with a +0 spear.
* * * LOW HITPOINT WARNING * * *
The centaur misses you. You block the centaur's attack.
The orc closely misses you.
You are too berserk!
You slash the centaur!
You kill the centaur!
The orc hits you but does no damage. The orc closely misses you.
The orc barely misses you. The orc is attracted toward you.
You closely miss the orc. You block the orc's attack.
The orc hits you with a +0 halberd!
You die...

.⌠c≈≈≈...≈≈≈.⌠.
..≈≈..≈.≈..≈≈..
.≈≈.≈≈≈.≈≈≈.≈≈.#
o≈.≈≈.....≈≈.≈.#
≈≈o≈.≈≈≈≈≈.≈o≈≈.
≈.≈≈§≈...≈.≈≈.≈.
≈.≈.≈≈...≈≈.≈.≈.
≈.≈.≈.oo⌠.≈.≈.≈.
≈.≈.≈..@o.≈.≈.≈.
≈.≈.≈.o∩⌠.≈.≈.≈.
≈.≈.≈≈...≈≈.≈.≈.
≈.≈≈c≈...≈.≈≈.≈.
≈≈o≈.≈≈.≈≈.≈o≈≈.
.≈.≈≈.≈.≈.≈≈.≈..
...(≈≈...≈≈.....
..(..≈≈≈≈≈......
≈≈≈.........≈≈≈≈


You could see a centaur (slow) and 9 orcs.

Vanquished Creatures
  A wraith (D:8)
  2 water moccasins (D:7)
  A sky beast (D:5)
  2 ice beasts
  2 ogres
  2 centaurs
  A phantom (D:5)
  2 kobold brigands (D:6)
  A bullfrog (D:6)
  2 scorpions
  5 wights (D:8)
  A vampire bat (D:7)
  A crimson imp (D:8)
  A centaur zombie (D:7)
  A bullfrog zombie (D:6)
  A gnoll shaman (D:4)
  3 jellies
  5 hounds
  2 centaur skeletons
  6 iguanas
  An orc wizard (D:6)
  A hound skeleton (D:5)
  Robin (D:2)
  A howler monkey skeleton (D:6)
  11 gnolls
  13 adders
  A shadow imp (D:6)
  A white imp (D:8)
  An ufetubus (D:6)
  An adder skeleton (D:5)
  2 worms (D:2)
  3 dart slugs
  11 orcs
  12 ball pythons
  11 bats
  5 endoplasms
  A giant cockroach (D:2)
  20 goblins
  14 hobgoblins
  2 jackals (D:1)
  17 kobolds
  A quokka (D:1)
  3 frilled lizards
  7 rats
183 creatures vanquished.

Notes
Turn   | Place    | Note
-------+----------+-------------------------------------------
     0 | D:1      | DearestLeader the Gnoll Fighter began the quest for the
                  | Orb.
     0 | D:1      | Reached XP level 1. HP: 23/23 MP: 1/1
   117 | D:1      | Reached XP level 2. HP: 25/29 MP: 2/2
   367 | D:1      | Reached XP level 3. HP: 35/35 MP: 3/3
   719 | D:2      | Reached skill level 1 in Invocations
   831 | D:2      | Reached skill level 1 in Short Blades
   831 | D:2      | Reached skill level 1 in Long Blades
   831 | D:2      | Reached skill level 1 in Maces & Flails
   831 | D:2      | Reached skill level 1 in Polearms
   831 | D:2      | Reached skill level 1 in Staves
   831 | D:2      | Reached skill level 1 in Slings
   831 | D:2      | Reached skill level 1 in Bows
   831 | D:2      | Reached skill level 1 in Crossbows
   831 | D:2      | Reached skill level 1 in Throwing
   831 | D:2      | Reached skill level 1 in Dodging
   831 | D:2      | Reached skill level 1 in Stealth
   831 | D:2      | Reached skill level 1 in Unarmed Combat
   831 | D:2      | Reached skill level 1 in Spellcasting
   831 | D:2      | Reached skill level 1 in Evocations
   879 | D:2      | Reached XP level 4. HP: 40/41 MP: 5/5
  1081 | D:2      | Reached skill level 1 in Conjurations
  1081 | D:2      | Reached skill level 1 in Hexes
  1081 | D:2      | Reached skill level 1 in Summonings
  1081 | D:2      | Reached skill level 1 in Necromancy
  1081 | D:2      | Reached skill level 1 in Translocations
  1081 | D:2      | Reached skill level 1 in Transmutations
  1081 | D:2      | Reached skill level 1 in Fire Magic
  1081 | D:2      | Reached skill level 1 in Ice Magic
  1081 | D:2      | Reached skill level 1 in Air Magic
  1081 | D:2      | Reached skill level 1 in Earth Magic
  1081 | D:2      | Reached skill level 1 in Poison Magic
  1247 | D:2      | Noticed Robin
  1261 | D:2      | Killed Robin
  1262 | D:2      | Reached XP level 5. HP: 37/47 MP: 5/7
  1725 | D:3      | Found Olusyt's General Store.
  1784 | D:3      | Found a faded altar of an unknown god.
  2076 | D:4      | Reached XP level 6. HP: 50/53 MP: 8/8
  2432 | D:4      | Reached skill level 5 in Axes
  2561 | D:4      | Learned a level 3 spell: Gell's Gravitas
  2565 | D:4      | Learned a level 3 spell: Teleport Other
  3159 | D:5      | Entered Level 5 of the Dungeon
  3159 | D:5      | Noticed an ice beast
  3362 | D:5      | Found a basalt altar of Yredelemnul.
  3368 | D:5      | Reached XP level 7. HP: 55/59 MP: 10/10
  3757 | D:5      | Found a staircase to the Ecumenical Temple.
  3771 | Temple   | Entered the Ecumenical Temple
  4869 | D:6      | Reached XP level 8. HP: 61/67 MP: 12/12
  5589 | D:6      | Found Jiur's Antique Weapon Shop.
  5596 | D:6      | Bought a transparent long sword for 221 gold pieces
  5596 | D:6      | Identified the +7 long sword "Goblin's Nightmare" {vorpal,
                  | rElec rC+ Str+3} (You bought it in a shop on level 6 of the
                  | Dungeon)
  5875 | D:6      | Found a glowing golden altar of the Shining One.
  6821 | D:7      | Reached XP level 9. HP: 64/73 MP: 14/14
  7011 | D:7      | Found an ornate altar of the Wu Jian Council.
  7038 | D:7      | Found a runed translucent door.
  7040 | D:7      | Noticed a cyclops
  7040 | D:7      | Noticed kalagan's ghost (novice DjCj)
  7277 | D:7      | Found a broken altar of Ashenzari.
  7609 | D:8      | Found a burning altar of Makhleb.
  7675 | D:8      | Found a flagged portal.
  7689 | Bailey   | Entered a bailey
  7705 | Bailey   | Gained mutation: You possess an exceptional clarity of
                  | mind. [potion of mutation]
  7705 | Bailey   | Gained mutation: You are robust. (+10% HP) [potion of
                  | mutation]
  7705 | Bailey   | Gained mutation: You are weak. (Str -2) [potion of
                  | mutation]
  7705 | Bailey   | Gained mutation: Your spells are a little harder to cast,
                  | but a little more powerful. [potion of mutation]
  7706 | Bailey   | HP: 3/81 [centaur/+0 trident (5)]
  7708 | Bailey   | HP: 1/121 [orc/+0 spear (4)]
  7710 | Bailey   | Mangled by an orc

Illustrated notes

Levels and vault maps discovered:
D:1:      dpeg_arrival_ternary, layout_rooms, serial_aquarium,
          aquarium_bridge_straight [aquarium_subvault_bridge,
          aquarium_subvault_balcony, aquarium_subvault_bridge,
          aquarium_subvault_balcony], aquarium_window_2, aquarium_window_1,
          aquarium_window_2, aquarium_window_fake, aquarium_view_2d,
          aquarium_balcony_1b, aquarium_pool_2
D:2:      layout_rooms, minmay_misc_feat_pillars, minmay_snake_closets,
          uniq_robin
D:3:      kennysheep_the_goblin_king, layout_rooms,
          hellmonk_ecumenical_altar_pennies_from_heaven, serial_shops,
          nicolae_shop_statue_plus
D:4:      layout_basic
D:5:      kb_forest_paths, layout_basic, lemuel_round_altar,
          chequers_serial_rivers_small_b
D:6:      layout_gridville, marbit_many_paths, serial_shops,
          nicolae_shop_advertising_works [nicolae_subvault_shop_adworks],
          corexii_checkpoint_a
D:7:      layout_cave_pools, mainiacjoe_overflow_alcove_1,
          nicolae_overflow_crystal_walls, ebering_ghost_inner_flame,
          hellmonk_bongcloud_opening, roderic_batcave, hangedman_glass_garden
D:8:      kennysheep_spiral_hall, layout_basic, makhleb_grotto_becter,
          enter_bailey_2, minmay_manual_mail
Temple:   minmay_temple_curvy_branch
Bailey:   bailey_polearm_flooded_kennysheep, bailey

Skill      XL: |  1  2  3  4  5  6  7  8  9 |
---------------+----------------------------+-----
Invocations    | 1 2 3 4 |  4.9
Short Blades   | 1 2 3 4 |  4.4
Long Blades    | 1 2 3 4 |  4.4
Maces & Flails | 1 2 3 4 |  4.4
Polearms       | 1 2 3 4 |  4.4
Staves         | 1 2 3 4 |  4.4
Slings         | 1 2 3 4 |  4.4
Bows           | 1 2 3 4 |  4.4
Crossbows      | 1 2 3 4 |  4.4
Throwing       | 1 2 3 4 |  4.4
Dodging        | 1 2 3 4 |  4.4
Stealth        | 1 2 3 4 |  4.4
Unarmed Combat | 1 2 3 4 |  4.4
Spellcasting   | 1 2 3 4 |  4.4
Evocations     | 1 2 3 4 |  4.4
Conjurations   | 1 2 3 |  3.6
Hexes          | 1 2 3 |  3.6
Summonings     | 1 2 3 |  3.6
Necromancy     | 1 2 3 |  3.6
Translocations | 1 2 3 |  3.6
Transmutations | 1 2 3 |  3.6
Fire Magic     | 1 2 3 |  3.6
Ice Magic      | 1 2 3 |  3.6
Air Magic      | 1 2 3 |  3.6
Earth Magic    | 1 2 3 |  3.6
Poison Magic   | 1 2 3 |  3.6
Axes           | 5 6 |  6.5
Fighting       | 7 8 |  8.0
Armour         | 7 8 |  8.0
Shields        | 7 8 |  8.0

Action                   |  1- 3 |  4- 6 |  7- 9 || total
-------------------------+-------+-------+-------++-------
Melee: War axe           |    86 |   179 |   104 ||   369
       Bite              |     8 |    13 |    37 ||    58
       Whip              |       |       |    84 ||    84
       Long sword        |       |       |   146 ||   146
Throw: Dart              |       |       |     5 ||     5
 Cast: Gell's Gravitas   |       |       |     2 ||     2
  Use: Scroll            |       |       |     9 ||     9
       Potion            |       |       |    11 ||    11
 Stab: Sleeping          |       |       |     1 ||     1
Armor: Scale mail        |    47 |    85 |   153 ||   285
Dodge: Dodged            |    49 |   100 |   171 ||   320
Block: Buckler           |    36 |    60 |   116 ||   212
